cohdb
Replays
Latest Replays
All Replays
Popular Replays
Top Player Replays
Match Explorer
How It Works
Community
CoH3 Stats
Reddit
Sign in to upload your games and track your stats! →
Sign in with Steam
Match 41396977
Unlisted
Match 41396977
Overview
Messages
Build Orders
End
Royal Engineer Section
Selects Canadian Shock Battlegroup
Construct Section Command Post
Dingo Light Scout Car
Infantry Section
Infantry Section
ML 3-inch Mortar Team
Construct Platoon Command Post
Selects Incendiary Munitions
CMP 15cwt Truck
Infantry Section
Infantry Training
Selects Pyrotechnics
Grenade Package
Construct Company Command Post
Unlock M3 Grant Medium Tanks
Vickers Machine Gun Team
Derlis
ComanderPy
Titi
Grande Marco
0
0
Comments
sign in to comment!
No comments posted yet!